 Dungeon Crawl Stone Soup version 0.24.0-1-gfbc8707 (webtiles) character file.

Game seed: 17445540281858738034, levelgen mode: deterministic

2037 Buxparty the Ducker (level 9, -2/61 HPs)
             Began as a Mummy Gladiator on Jan 11, 2020.
             Slain by a wyvern (10 damage)
             ... on level 8 of the Dungeon.
             The game lasted 00:16:56 (6616 turns).

Buxparty the Ducker (Mummy Gladiator)               Turns: 6616, Time: 00:16:57

Health: -2/61      AC: 10    Str: 20    XL:     9   Next: 4%
Magic:  9/9        EV: 14    Int:  7    God:
Gold:   343        SH:  0    Dex: 14    Spells: 8/8 levels left

rFire    x . .     SeeInvis .   a - +0 trident
rCold    + . .     Gourm    .   (no shield)
rNeg     + + +     Faith    .   o - +1 scale mail {MR+}
rPois    ∞         Spirit   .   c - +0 helmet
rElec    .         Reflect  .   i - +0 cloak
rCorr    .         Harm     .   (no gloves)
MR       ++...                  f - +0 pair of boots
Stlth    ..........             (no amulet)
HPRegen  0.20/turn              (no ring)
MPRegen  0.11/turn              (no ring)

@: no status effects
A: no food or potions, fire vulnerability, cold resistance 1, negative energy
resistance 3, torment resistance, unbreathing
a: no special abilities


You were on level 8 of the Dungeon.
You were not hungry.

You visited 2 branches of the dungeon, and saw 9 of its levels.

You collected 343 gold pieces.

Inventory:

Hand Weapons
 a - a +0 trident (weapon)
Missiles
 d - 2 throwing nets (quivered)
 t - 16 poisoned darts
Armour
 b - a +0 leather armour
 c - a +0 helmet (worn)
 f - a +0 pair of boots (worn)
 i - a +0 cloak (worn)
 o - a +1 scale mail of magic resistance (worn)
Jewellery
 h - an uncursed ring of stealth {unknown}
 m - an uncursed amulet of magic regeneration {unknown}
 u - an uncursed ring of magical power {unknown}
Wands
 p - a wand of polymorph (7)
 w - a wand of iceblast (7)
 x - a wand of acid (9)
Scrolls
 e - 6 scrolls of remove curse
 g - 5 scrolls of identify
 j - a scroll of blinking {unknown}
 k - 2 scrolls of enchant weapon {unknown}
 l - 2 scrolls of teleportation
 n - a scroll of noise {unknown}
 q - 2 scrolls of enchant armour {unknown}
 r - 2 scrolls of fear {unknown}
 s - 2 scrolls of random uselessness {unknown}
 v - a scroll of immolation {unknown}
 y - a scroll of summoning {unknown}


   Skills:
 - Level 2.0 Fighting
 + Level 7.4 Polearms
 - Level 1.5 Throwing
 + Level 7.5 Dodging


You had 8 spell levels left.
You didn't know any spells.
Your spell library was empty.

Dungeon Overview and Level Annotations

Branches:
Dungeon (8/15)             Temple (1/1) D:6
   Lair: D:8-11

Altars:
Ashenzari
Cheibriados
Dithmenos
Elyvilon
Fedhas
Hepliaklqana
Kikubaaqudgha
Makhleb
Okawaru
Qazlal
Ru
Sif Muna
Trog
Uskayaw
Vehumet
Wu Jian
Xom
Zin

Annotations:
D:8 Psyche


Innate Abilities, Weirdness & Mutations

You do not eat or drink.
Your flesh is vulnerable to fire.
You are immune to poison.
Your flesh is cold resistant. (rC+)
You are immune to negative energy. (rN+++)
You are immune to unholy pain and torment.
You can survive without breathing.


Message History

You are too injured to fight recklessly!
You hit the wyvern but do no damage.
The wyvern is heavily wounded.
The wyvern closely misses you.
The wyvern bites you but does no damage.
You hit the wyvern.
The wyvern is heavily wounded.
The wyvern barely misses you.
You hit the wyvern.
The wyvern is heavily wounded.
The wyvern bites you. x2
* * * LOW HITPOINT WARNING * * *
You barely miss the wyvern.
The wyvern is heavily wounded.
The wyvern bites you!
* * * LOW HITPOINT WARNING * * *
You hit the wyvern.
The wyvern is severely wounded.
The wyvern bites you!
You die...

+...' #...# # #...# #
####)############
######................
#..........(..........
#..................(..
#...................).
#...l@........(.....((
..'..........####+##....
###.>..!###### #....
........+ #....
.....%..# #....
...###### #.... ...
#.... .. +....


You could see a wyvern.

Vanquished Creatures
  Pikel (D:7)
  A water moccasin (D:7)
  2 sky beasts
  2 ogres
  A necrophage (D:6)
  3 centaurs
  A bullfrog (D:7)
  2 bullfrog zombies
  2 howler monkeys
  A centaur zombie (D:6)
  2 orc priests (D:7)
  A bullfrog skeleton (D:7)
  Jessica (D:2)
  Ijyb (D:4)
  3 iguanas
  3 orc wizards (D:7)
  3 worker ants
  A hound skeleton (D:7)
  3 gnolls (D:2)
  4 adders
  2 shadow imps
  An ooze (D:1)
  An adder skeleton (D:4)
  A worm (D:3)
  4 dart slugs
  A leopard gecko (D:1)
  16 orcs
  7 bats
  3 giant cockroaches
  10 goblins
  10 hobgoblins
  11 jackals
  14 kobolds
  2 quokkas
  5 frilled lizards
  A leopard gecko skeleton (D:4)
  A leopard gecko zombie (D:6)
  10 rats
138 creatures vanquished.

Vanquished Creatures (others)
  A slave (D:7)
  A centaur zombie (D:7)
  A quasit (D:7)
  3 orcs (D:7)
6 creatures vanquished.

Grand Total: 144 creatures vanquished

Notes
Turn   | Place    | Note
-------+----------+-------------------------------------------
     0 | D:1      | Buxparty the Mummy Gladiator began the quest for the Orb.
     0 | D:1      | Reached XP level 1. HP: 16/16 MP: 1/1
   111 | D:1      | Reached XP level 2. HP: 18/22 MP: 2/2
   404 | D:1      | Reached XP level 3. HP: 27/27 MP: 3/3
  1048 | D:2      | Reached XP level 4. HP: 33/33 MP: 4/4
  1413 | D:2      | Noticed an ogre
  1707 | D:3      | Found a shadowy altar of Dithmenos.
  1741 | D:3      | Found a hazy altar of Hepliaklqana.
  2124 | D:2      | Reached XP level 5. HP: 30/38 MP: 5/5
  2271 | D:2      | Noticed Jessica
  2274 | D:2      | Killed Jessica
  2678 | D:4      | Noticed Ijyb
  2695 | D:4      | Killed Ijyb
  2746 | D:4      | Found a hide-covered altar of Uskayaw.
  3000 | D:4      | Reached XP level 6. HP: 41/44 MP: 6/6
  3046 | D:4      | Found a shimmering altar of Xom.
  3049 | D:4      | Found a glowing silver altar of Zin.
  3052 | D:4      | Found a white marble altar of Elyvilon.
  3288 | D:5      | Entered Level 5 of the Dungeon
  3353 | D:6      | Found a staircase to the Ecumenical Temple.
  3537 | D:6      | Found a shattered altar of Ashenzari.
  3540 | Temple   | Entered the Ecumenical Temple
  3760 | D:5      | Noticed a sky beast
  3785 | D:5      | Killed a sky beast
  3785 | D:5      | Reached skill level 5 in Polearms
  3785 | D:5      | Reached skill level 5 in Dodging
  3785 | D:5      | Reached XP level 7. HP: 11/50 MP: 7/7
  4037 | D:5      | Found a bloodstained altar of Trog.
  4039 | D:5      | Found an ancient bone altar of Kikubaaqudgha.
  4040 | D:5      | Found a sacrificial altar of Ru.
  4120 | D:8      | Noticed Psyche
  4120 | D:8      | Noticed a yak
  5229 | D:7      | Reached XP level 8. HP: 55/56 MP: 8/8
  5538 | D:7      | Noticed Pikel
  5552 | D:7      | Killed Pikel
  6384 | D:8      | Reached XP level 9. HP: 22/61 MP: 9/9
  6616 | D:8      | Slain by a wyvern

Levels and vault maps discovered:
D:1:      eino_arrival_cavern_a, layout_rooms, chequers_serial_rivers_micro_e
D:2:      layout_basic, uniq_jessica
D:3:      layout_loops_ring, lemuel_crystal_altar, overflow_temple_1_default,
          first_ration
D:4:      layout_basic, grunt_temple_overflow_diamond, old_standard_altar,
          uniq_ijyb
D:5:      layout_loops_cross, chequers_temple_overflow_statue_of_worship,
          hangedman_decor_opposing, hangedman_decor_push, grunt_decor_clamped
D:6:      layout_basic, minmay_temple_entry_purple_smoke, basic_altar
D:7:      layout_loops_ring, uniq_pikel
D:8:      layout_gridville, grunt_temple_overflow_holy_war, uniq_grum,
          uniq_psyche
Temple:   chequers_temple_sunken

Skill      XL: |  1  2  3  4  5  6  7  8 |
---------------+-------------------------+-----
Polearms       | 3 4 5 6 7 |  7.4
Dodging        | 3 4 5 6 7 |  7.5
Fighting       | |  2.0
Throwing       | |  1.5

Action                   |  1- 3 |  4- 6 |  7- 9 || total
-------------------------+-------+-------+-------++-------
Melee: Trident           |   128 |   296 |   260 ||   684
Throw: Throwing net      |       |     4 |       ||     4
  Use: Scroll            |       |     3 |     2 ||     5
 Stab: Sleeping          |     2 |     3 |       ||     5
       Held in net/web   |       |     1 |       ||     1
Armor: Leather armour    |    24 |    22 |       ||    46
       Scale mail        |       |    50 |   120 ||   170
Dodge: Dodged            |    60 |   166 |   172 ||   398
